 Dungeon Crawl Stone Soup version 0.28-a0-268-g3f656e82c2 (webtiles) character file.

Game seed: 14307444575732518274

51 Malachi the Insei (level 3, -3/26 HPs)
             Began as a Demonspawn Transmuter on Aug 28, 2021.
             Was a Follower of Wu Jian.
             Slain by an orc wizard (4 damage)
             ... on level 2 of the Dungeon.
             The game lasted 00:03:44 (2412 turns).

Malachi the Insei (Demonspawn Transmuter)           Turns: 2412, Time: 00:03:45

Health: -3/26      AC:  2    Str: 10    XL:     3   Next: 58%
Magic:  6/6        EV: 14    Int: 15    God:    Wu Jian [*.....]
Gold:   121        SH:  0    Dex: 13    Spells: 2/6 levels left

rFire   . . .      SeeInvis .     - Unarmed
rCold   . . .      Faith    .   (no shield)
rNeg    . . .      Spirit   .   a - +0 robe
rPois   .          Reflect  .   (no helmet)
rElec   .          Harm     .   (no cloak)
rCorr   .          Rampage  .   (no gloves)
Will    .....                   (no boots)
Stlth   +.........              (no amulet)
HPRegen 0.08/turn               (no ring)
MPRegen 0.10/turn               (no ring)

@: no status effects
A: claws 1, repulsion field 1
a: Renounce Religion


You were on level 2 of the Dungeon.
You worshipped Wu Jian.
Wu Jian was aware of your devotion.
You visited 1 branch of the dungeon, and saw 2 of its levels.

You collected 121 gold pieces.

Inventory:

Hand Weapons
 b - a +2 short sword of venom
Armour
 a - a +0 robe (worn)
Scrolls
 c - a scroll of teleportation {unknown}


   Skills:
 + Level 1.0 Fighting
 + Level 1.8 Dodging
 + Level 0.2 Stealth
 * Level 3.6 Unarmed Combat
 + Level 2.3 Spellcasting
 * Level 2.1 Transmutations
 * Level 0.1 Poison Magic


You had 2 spell levels left.
You knew the following spells:

 Your Spells              Type           Power      Damage    Failure   Level
a - Beastly Appendage     Tmut           16%        N/A       9%          1
b - Spider Form           Tmut/Pois      2%         N/A       38%         3

Your spell library contained the following spells:

 Spells                   Type           Power      Damage    Failure   Level
 Wereblood                Tmut           8%         N/A       14%         2
 Ice Form                 Ice/Tmut       4%         N/A       80%         4


Dungeon Overview and Level Annotations

Branches:
Dungeon (2/15)

Altars:
Wu Jian


Innate Abilities, Weirdness & Mutations

You have sharp fingernails.
You are surrounded by a mild repulsion field. (EV +2)


Message History

HP restored.
The orc wizard hits you but does no damage.
The orc wizard barely misses you.
In your confused state, you trip and fall back down the stairs.
The orc wizard hits you with a +0 dagger. x2
Unknown command.
Okay, then.
You're too confused to cast spells.
Okay, then.
You are too confused!
You are too confused!
Unknown command.
You miss the orc wizard.
The orc wizard hits you but does no damage.
The orc wizard hits you with a +0 dagger.
You miss the orc wizard.
The orc wizard hits you but does no damage.
You closely miss the orc wizard. The orc wizard misses you.
The orc wizard hits you with a +0 dagger.
You barely miss the orc wizard.
You feel less invigorated. The orc wizard casts a spell at you.
The puff of flame hits you!
Ouch! That really hurt!
The orc wizard closely misses you.
You closely miss the orc wizard.
You feel less confused.
The orc wizard hits you but does no damage.
The orc wizard misses you.
The orc priest looks satisfied for a moment.
You claw the orc wizard!
The orc wizard is heavily wounded.
The orc wizard barely misses you.
The orc wizard hits you with a +0 dagger.
You barely miss the orc wizard.
The orc wizard is heavily wounded.
The orc wizard gestures at you while chanting.
The magic dart hits you!
* * * LOW HITPOINT WARNING * * *
The orc wizard hits you with a +0 dagger.
You die...

#.# #.# #.# #.# ## #.#
######o# .# #.#
#.....o######### .# #.#
#o#####......... .# #.#
#o# #.######## .# #.# #o#
#.# .# #.# ###o#####.# .#
#.# #..o@.....## ##
#.##### #.#######..## #
#.....# #.# #...#
########.# #.# #..[# ...#
#.# #.# #.#.# ##.# #.#
#.# #.#.# ##.# #.# #.#
#...# ##.#
##.####.#######.#.#
##.####...^...........#.#


You could see an orc priest, 2 orc wizards and 2 orcs.

Vanquished Creatures
  An adder (D:2)
  A worm (D:2)
  A dart slug (D:1)
  An orc (D:2)
  5 ball pythons
  4 bats (D:1)
  2 endoplasms (D:1)
  2 goblins (D:1)
  6 hobgoblins
  6 kobolds
  A frilled lizard (D:1)
  6 rats
36 creatures vanquished.

Notes
Turn   | Place    | Note
-------+----------+-------------------------------------------
     0 | D:1      | Malachi the Demonspawn Transmuter began the quest for the
                  | Orb.
     0 | D:1      | Reached XP level 1. HP: 15/15 MP: 3/3
   273 | D:1      | Reached skill level 3 in Unarmed Combat
   569 | D:1      | Found a faded altar of an unknown god.
   581 | D:1      | Gained mutation: You have sharp fingernails. [demonic
                  | ancestry]
   581 | D:1      | Reached XP level 2. HP: 21/21 MP: 3/5
   648 | D:1      | Became a worshipper of the Wu Jian Council
   648 | D:1      | Reached * piety under Wu Jian
  1126 | D:1      | Gained mutation: You are surrounded by a mild repulsion
                  | field. (EV +2) [demonic ancestry]
  1126 | D:1      | Reached XP level 3. HP: 24/26 MP: 6/6
  1296 | D:2      | Learned a level 3 spell: Spider Form
  2412 | D:2      | HP: 1/26 [orc wizard/magic dart (8)]
  2412 | D:2      | Slain by an orc wizard

Illustrated notes

Levels and vault maps discovered:
D:1:      ebering_hopf_link, layout_basic, basic_ecumenical_altar,
          minmay_pentomino_w4
D:2:      cheibrodos_pilgrimage, layout_loops_ring

Skill      XL: |  1  2  3 |
---------------+----------+-----
Unarmed Combat | 3 |  3.6
Transmutations | 2 |  2.1
Fighting       | |  1.0
Dodging        | |  1.8
Stealth        | |  0.2
Spellcasting   | |  2.3
Poison Magic   | |  0.1

Action                   || total
-------------------------++-------
Melee: Unarmed           ||   117
       Kick              ||    12
       Punch             ||     3
       Headbutt          ||     5
 Cast: Beastly Appendage ||    21
Invok: Lunge             ||     5
  Use: Scroll            ||     2
       Potion            ||     2
Armor: Robe              ||    26
Dodge: Dodged            ||    98

Table legend: (Time is in decaauts)
 A = Elapsed time spent in this place.
 B = Non-inter-level travel time spent in this place.
 C = Inter-level travel time spent in this place.
 D = Time resting spent in this place.
 E = Time spent auto-exploring this place.
 F = Levels seen in this place.
 G = Mean time per level.
                   A        B        C        D        E       F      G
               +--------+--------+--------+--------+--------+-----+--------+
         Total |   2406 |   2398 |      8 |    631 |   1334 |   2 | 1203.0 |
       Dungeon |   2406 |   2398 |      8 |    631 |   1334 |   2 | 1203.0 |
               +--------+--------+--------+--------+--------+-----+--------+

Top non-repeatable levels by time:
     D:1: 1589 daAuts
     D:2: 816 daAuts
